 Dungeon Crawl Stone Soup version 0.29-a0-322-g68df515428 (webtiles) character file.

Game seed: 704029813506106435

270529 gimp the Severer (level 21, -4/126 (154) HPs)
             Began as a Formicid Wanderer on Apr 9, 2022.
             Was an Initiate of Gozag.
             Slain by a +2 vorpal war axe (7 damage)
             ... animated by Zenata
             ... on level 2 of the Vaults.
             The game lasted 01:37:44 (35006 turns).

gimp the Severer (Formicid Wanderer)               Turns: 35006, Time: 01:37:46

HP:   -4/126 (154)  AC: 22    Str: 31 (32) XL:     21   Next: 6%
MP:   24/24         EV: 15    Int:  9 (11) God:    Gozag
Gold: 10706         SH: 19    Dex: 14      Spells: 23/24 levels left

rFire   + + +      SeeInvis +   a - +6 battleaxe (flame)
rCold   + . .      Faith    .   u - +0 tower shield
rNeg    . . .      Spirit   .   m - +1 chain mail {rF+}
rPois   +          Reflect  .   (helmet unavailable)
rElec   +          Harm     .   I - +1 cloak
rCorr   +          Rampage  .   h - +0 pair of gloves
Will    ++...                   p - +1 pair of boots
Stlth   ..........              f - amulet of regeneration
HPRegen 1.11/turn               M - ring "Ruisemoa" {rElec rPois EV+4 Str+7 Slay-3}
MPRegen 0.19/turn               Q - ring "Mofeed" {Fly rF+ Stlth+}

@: mighty, resistant, flying, heavily drained, invisible
A: permanent stasis, dig shafts and tunnels, antennae 3, four strong arms,
deterioration 1, frail 1
}: 2/15 runes: decaying, serpentine
a: Dig, Shaft Self, Renounce Religion, Potion Petition, Call Merchant, Bribe
Branch


You were on level 2 of the Vaults.
You worshipped Gozag.
Gozag was extremely pleased with you.
You visited 7 branches of the dungeon, and saw 34 of its levels.
You also visited: Ossuary.

You collected 15230 gold pieces.
You spent 546 gold pieces at shops.
You paid 3978 gold pieces to Gozag.

Inventory:

Hand Weapons
 a - a +6 battleaxe of flaming (weapon)
Missiles
 n - 6 curare-tipped darts
 R - 30 poisoned darts
 U - 6 silver javelins
 V - a throwing net
Armour
 h - a +0 pair of gloves (worn)
 m - a +1 chain mail of fire resistance (worn)
 p - a +1 pair of boots (worn)
 t - a +0 chain mail of willpower
 u - a +0 tower shield (worn)
 E - a +2 plate armour of cold resistance
 I - a +1 cloak (worn)
Jewellery
 f - an amulet of regeneration (around neck)
 C - a ring of protection from cold
 F - a ring of fire
 M - the ring "Ruisemoa" (left hand) {rElec rPois EV+4 Str+7 Slay-3}
   (You found it on level 1 of the Lair of Beasts)

   [ring of evasion]

   EV:        It affects your evasion (+4).
   Str:       It affects your strength (+7).
   Slay:      It affects your accuracy & damage with ranged weapons and melee
   (-3).
   rElec:     It insulates you from electricity.
   rPois:     It protects you from poison.
 Q - the ring "Mofeed" (right hand) {Fly rF+ Stlth+}
   (You found it on level 6 of the Lair of Beasts)

   [ring of flight]

   rF:        It protects you from fire.
   Fly:       It grants you flight.
   Stlth:     It makes you more stealthy.
 X - a ring of positive energy
Wands
 e - a wand of flame (57)
 s - a wand of iceblast (19)
 K - a wand of acid (15)
 S - a wand of digging (20)
 Y - a wand of paralysis (13)
Scrolls
 b - 2 scrolls of holy word
 c - 11 scrolls of fog
 v - 8 scrolls of enchant weapon
 y - 6 scrolls of immolation
 B - 4 scrolls of vulnerability
 G - 7 scrolls of identify
 H - 7 scrolls of fear
 J - a scroll of summoning
 N - 3 scrolls of enchant armour
 O - 5 scrolls of magic mapping
 T - 2 scrolls of brand weapon
Potions
 d - 5 potions of might
 g - 12 potions of mutation
 i - 6 potions of flight
 j - a potion of cancellation
 l - 5 potions of resistance
 o - 13 potions of curing
 A - 3 potions of invisibility
 D - 11 potions of ambrosia
Miscellaneous
 L - a lightning rod (4/4)
 P - a condenser vane (inert)
 Z - a tin of tremorstones (inert)


   Skills:
 + Level 16.6 Fighting
 - Level 20.0 Axes
 - Level 6.0 Throwing
 + Level 17.1 Armour
 - Level 8.0 Dodging
 - Level 2.4 Stealth
 * Level 16.6 Shields
 - Level 2.1 Spellcasting
 - Level 14.6 Evocations


You had 23 spell levels left.
You knew the following spells:

 Your Spells              Type           Power      Damage    Failure   Level
a - Sting                 Tmut/Pois      0%         1d3       92%         1

Your spell library contained the following spells:

 Spells                   Type           Power      Damage    Failure   Level
 Animate Skeleton         Necr           0%         N/A       92%         1
 Apportation              Tloc           0%         N/A       92%         1
 Magic Dart               Conj           0%         1d3       92%         1
 Pain                     Necr           0%         1d4       92%         1
 Sandblast                Erth           0%         2d4       92%         1
 Shock                    Conj/Air       0%         1d3       92%         1
 Call Imp                 Summ           0%         N/A       98%         2
 Passwall                 Tmut/Erth      0%         N/A       98%         2
 Poisonous Vapours        Pois/Air       0%         N/A       98%         2
 Scorch                   Fire           0%         2d5       98%         2
 Searing Ray              Conj           0%         2d4       98%         2
 Static Discharge         Conj/Air       0%         N/A       98%         2
 Frozen Ramparts          Ice            0%         1d2       100%        3
 Gell's Gravitas          Tloc           0%         N/A       100%        3
 Ignite Poison            Fire/Tmut/Pois 0%         N/A       100%        3
 Inner Flame              Hex/Fire       0%         N/A       100%        3
 Mephitic Cloud           Conj/Pois/Air  0%         N/A       100%        3
 Ozocubu's Armour         Ice            0%         N/A       100%        3
 Spider Form              Tmut/Pois      0%         N/A       100%        3
 Stone Arrow              Conj/Erth      0%         3d7       100%        3
 Summon Guardian Golem    Hex/Summ       0%         N/A       100%        3
 Teleport Other           Tloc           0%         N/A       100%        3
 Vampiric Draining        Necr           0%         2d6       100%        3
 Airstrike                Air            0%         N/A       100%        4
 Animate Armour           Summ/Erth      0%         N/A       100%        4
 Cause Fear               Hex            0%         N/A       100%        4
 Flame Wave               Conj/Fire      0%         2d4       100%        4
 Ice Form                 Ice/Tmut       0%         N/A       100%        4
 Petrify                  Tmut/Erth      0%         N/A       100%        4
 Sticky Flame             Conj/Fire      0%         2d3       100%        4
 Summon Ice Beast         Ice/Summ       0%         N/A       100%        4
 Summon Lightning Spire   Summ/Air       0%         N/A       100%        4
 Alistair's Intoxication  Tmut/Pois      0%         N/A       100%        5
 Borgnjor's Vile Clutch   Necr/Erth      0%         N/A       100%        5
 Freezing Cloud           Conj/Ice/Air   0%         6-21      100%        5
 Lightning Bolt           Conj/Air       0%         1d11      100%        5
 Metabolic Englaciation   Hex/Ice        0%         N/A       100%        5
 Dispersal                Tloc           0%         N/A       100%        6
 Eringya's Noxious Bog    Tmut/Pois      0%         N/A       100%        6
 Simulacrum               Ice/Necr       0%         N/A       100%        6
 Statue Form              Tmut/Erth      0%         N/A       100%        6
 Summon Cactus Giant      Summ           0%         N/A       100%        6
 Malign Gateway           Summ/Tloc      0%         N/A       100%        7
 Orb of Destruction       Conj           0%         9d5       100%        7
 Ozocubu's Refrigeration  Ice            0%         4d5       100%        7
 Spellforged Servitor     Conj/Summ      0%         N/A       100%        7
 Discord                  Hex            0%         N/A       100%        8
 Lehudib's Crystal Spear  Conj/Erth      0%         10d2      100%        8
 Maxwell's Capacitive Co  Air            0%         ∞         100%        8
 Chain Lightning          Conj/Air       0%         N/A       100%        9
 Polar Vortex             Ice            0%         N/A       100%        9
 Swiftness                Air            Unusable   N/A       N/A         3

Dungeon Overview and Level Annotations

Branches:
Dungeon (15/15)            Temple (1/1) D:5            Lair (6/6) D:9
  Swamp (4/4) Lair:4        Snake (4/4) Lair:3        Slime (0/5) Lair:5
    Orc (2/2) D:11            Elf (0/3) Orc:2        Vaults (2/5) D:14
 Depths (0/4) D:15        Ossuary (visited)
  Crypt: Vaults:2-3

Altars:
Ashenzari
Cheibriados
Dithmenos
Elyvilon
Fedhas
Gozag
Hepliaklqana
Kikubaaqudgha
Makhleb
Nemelex Xobeh
Okawaru
Qazlal
Ru
Sif Muna
Trog
Uskayaw
Vehumet
Wu Jian
Xom
Yredelemnul
Zin
The Shining One
Lugonu

Shops:
D:12 (   D:13 !   Orc:1 :   Orc:2 [!*[   Snake:1 (?=*

Portals:
Abyss: Lair:6

Annotations:
D:11 2 transporters, bwicke's ghost, journeyman GrFi
Lair:2 exclusion: 2 oklob plants
Swamp:3 1 runed translucent door, Xonepos's ghost, adept MiFi
Vaults:2 Zenata


Innate Abilities, Weirdness & Mutations

You cannot be hasted, slowed, berserked, paralysed or teleported.
You can dig through walls and to a lower floor.
You have a pair of large antennae on your head. (SInv)
Your four strong arms can wield two-handed weapons with a shield.
Your body sometimes deteriorates upon taking damage.
You are frail. (-10% HP)


Message History

* * * LOW HITPOINT WARNING * * *
x2 The +2 scimitar of electrocution closely misses you.
You block the +1 short sword of speed's attack.
The +2 battleaxe of electrocution hits you!
* * * LOW HITPOINT WARNING * * *
The +1 short sword of speed hits you but does no damage.
The +2 dire flail of draining hits you.
* * * LOW HITPOINT WARNING * * *
You feel drained. The +4 vorpal long sword hits you.
* * * LOW HITPOINT WARNING * * *
x2 Zenata hits you with a +2 bardiche.
* * * LOW HITPOINT WARNING * * *
You block the +2 vorpal war axe's attack.
The +2 scimitar of electrocution hits you but does no damage.
You take 42 damage, and have 5/129 hp.
MASSIVE DAMAGE!! [a] - 319 gold - curing and magic [b] - 100 gold - heal wounds [c] - 494 gold - resistance, might and heal wounds Purchase which effect?
You feel much better.
You block the +1 short sword of speed's attack. x2
You block the +4 vorpal long sword's attack.
The +2 dire flail of draining hits you!
* * * LOW HITPOINT WARNING * * *
You feel drained.
* * * LOW HITPOINT WARNING * * *
The +2 battleaxe of electrocution misses you.
The +2 scimitar of electrocution hits you!
* * * LOW HITPOINT WARNING * * *
The +2 vorpal war axe misses you.
You block the +1 short sword of speed's attack.
The +4 vorpal long sword closely misses you.
The +2 dire flail of draining barely misses you.
The +2 battleaxe of electrocution closely misses you.
The +2 scimitar of electrocution completely misses you.
The +1 short sword of speed hits you!
* * * LOW HITPOINT WARNING * * *
The +2 vorpal war axe hits you!
You die...
Your body crumbles into a pile of gold.

####################
........................
.......................$
........................
.........(..............
...)....................
...)....................
...............(.(......
...............(@((.....
...............((a......
...............(....!...
........................
########################


You could see Zenata (can't see you) and 8 dancing weapons.

Vanquished Creatures
  the Lernaean hydra (Swamp:4)
  Nikola (Swamp:2)
  Jorgrun (Swamp:2)
  Rupert (Orc:2)
  2 hellephants (Vaults:1)
  Gastronok (D:12)
  2 sphinxes
  8 nagarajas
  2 ghouls (D:15)
  2 vault wardens
  4 orc warlords
  Aizul (Swamp:2)
  4 ironbound preservers (Vaults:1)
  A stone giant (D:15)
  2 eleionomae
  An ironbound thunderhulk (Vaults:1)
  2 bunyips
  4 dire elephants (Vaults:1)
  The ghost of BimmyJewtron the Demonic Mishap, a journeyman DsFi of Qazlal (Swamp:2)
  2 yaktaur captains (Vaults:1)
  A shambling mangrove (Swamp:2)
  An ettin (D:11)
  A fire dragon (Lair:1)
  Josephine (Orc:2)
  3 great orbs of eyes
  Erolcha (D:11)
  An ice dragon (D:14)
  11 naga warriors
  2 salamander tyrants (Snake:4)
  5 boulder beetles
  A vault guard (Vaults:1)
  2 ironbound frosthearts (Vaults:1)
  2 ogre magi (Orc:2)
  2 catoblepae
  12 two-headed ogres
  2 ghost crabs
  9 alligators
  32 hydras
  9 centaur warriors
  6 anacondas
  2 tengu warriors (D:15)
  5 death yaks (Lair:4)
  4 orc high priests
  Nergalle (D:11)
  2 thrashing horrors (Lair:6)
  9 naga sharpshooters
  2 shock serpents
  Amaemon (D:11)
  14 hell knights (Vaults:1)
  3 skeletal warriors (D:15)
  An iron troll (D:14)
  A goliath frog (Swamp:3)
  2 death drakes
  16 deep trolls
  A salamander mystic (Snake:4)
  11 swamp dragons
  A tengu zombie (Vaults:1)
  5 naga ritualists
  7 spriggan druids
  3 necromancers
  Pikel (D:4)
  8 bog bodies
  2 wizards (Vaults:1)
  7 ironbound convokers (Vaults:1)
  10 orc knights
  10 mana vipers
  2 deep elf pyromancers
  A wolf spider zombie (D:15)
  An oklob plant (Lair:6)
  4 orc sorcerers
  15 ugly things
  2 will-o-the-wisps
  A stone giant zombie (Vaults:1)
  5 manticores
  5 cyclopes
  10 elephants (Lair:5)
  4 centaur zombies (D:15)
  9 salamanders
  8 guardian serpents
  4 vault sentinels (Vaults:1)
  13 naga magi
  A gargoyle (D:12)
  35 black mambas
  A torpor snail (Lair:4)
  A smoke demon (Lair:6)
  An orange demon (D:11)
  5 cane toads
  16 yaktaurs
  4 rime drakes
  2 efreet (D:14)
  10 komodo dragons
  A harpy zombie (D:15)
  2 ancient zymes (Lair:6)
  3 tengu conjurers (D:15)
  A queen bee (Lair:1)
  A guardian mummy (D:15)
  16 trolls
  9 tyrant leeches
  A merfolk (shapeshifter) (Lair:6)
  18 blink frogs
  Grinder (D:4)
  An ettin zombie (Vaults:1)
  3 large abominations (Lair:6)
  25 slime creatures
  20 hornets
  2 polar bears (Lair:2)
  24 dream sheep
  9 small abominations (Lair:6)
  A meliai zombie (D:15)
  27 spriggans
  A shadow (D:12)
  Sigmund (D:4)
  2 wyverns (D:9)
  An elf zombie (Vaults:1)
  7 wraiths
  2 ynoxinuls (Lair:6)
  8 basilisks
  Eustachio (D:5)
  64 yaks
  3 chaos spawn (Lair:6)
  A steam dragon (D:7)
  3 wargs
  17 vampire mosquitoes
  42 nagas
  11 swamp worms
  4 acid dragons
  17 water moccasins
  3 sky beasts
  2 ice beasts
  7 black bears
  A hornet zombie (D:15)
  36 orc warriors
  9 swamp drakes
  16 wolves
  14 centaurs
  4 boggarts (Vaults:1)
  27 ogres
  A phantom (D:6)
  2 necrophages
  19 bullfrogs
  2 gnoll sergeants
  2 scorpions
  12 wights
  19 killer bees
  A vampire bat (D:15)
  2 electric eels
  4 howler monkeys
  5 hounds (D:5)
  4 jellies
  17 orc priests
  Crazy Yiuf (D:4)
  2 iguanas (D:6)
  20 orc wizards
  A statue (D:9)
  3 mummies (Ossuary)
  21 gnolls
  9 adders
  A shadow imp (D:7)
  A white imp (D:7)
  3 ufetubi
  A worm (D:3)
  3 dart slugs
  78 orcs
  5 ball pythons
  5 bats
  2 bat skeletons (D:15)
  4 bat zombies (D:15)
  17 endoplasms
  9 giant cockroaches
  4 goblins
  14 hobgoblins
  3 jackals
  15 kobolds
  4 quokkas
  6 frilled lizards
  5 goblin zombies (Ossuary)
  A hobgoblin zombie (Ossuary)
  2 kobold zombies (Ossuary)
  4 rats
1239 creatures vanquished.

Vanquished Creatures (collateral kills)
  Louise (Swamp:4)
  A hydra (Swamp:4)
  A spriggan druid (Swamp:2)
  2 bog bodies (Swamp:4)
  A will-o-the-wisp (Swamp:2)
  A hornet (Swamp:2)
7 creatures vanquished.

Vanquished Creatures (others)
  A centaur warrior (D:14)
  A mana viper (Snake:4)
  2 bloated husks
  A naga (Snake:4)
  A bush (Lair:4)
  25 foxfires
  43 fungi
  34 plants
  10 toadstools (D:4)
118 creatures vanquished.

Grand Total: 1364 creatures vanquished

Notes
Turn   | Place    | Note
-------+----------+-------------------------------------------
     0 | D:1      | gimp the Formicid Wanderer began the quest for the Orb.
     0 | D:1      | gimp set off with the following items: a +0 club, a +0
                  | cloak, a scroll of fog, a +0 leather armour, a wand of
                  | flame (18); and the following spell memorised: Sting; and
                  | the following spells available to memorise: Spider Form
     0 | D:1      | Reached XP level 1. HP: 13/13 MP: 3/3
    86 | D:1      | Reached skill level 1 in Fighting
   137 | D:1      | Found a faded altar of an unknown god.
   147 | D:1      | Reached XP level 2. HP: 21/21 MP: 5/5
   309 | D:1      | Reached XP level 3. HP: 28/28 MP: 6/6
   931 | D:2      | Reached XP level 4. HP: 33/35 MP: 7/7
  2032 | D:3      | Reached skill level 1 in Axes
  2433 | D:4      | Reached XP level 5. HP: 29/32 MP: 8/8
  2521 | D:4      | Noticed a lemure
  2521 | D:4      | Noticed a lemure
  2522 | D:4      | Noticed Pikel
  2522 | D:4      | Noticed a lemure
  2531 | D:4      | Noticed a lemure
  2544 | D:4      | Killed Pikel
  2545 | D:4      | Reached skill level 5 in Fighting
  2545 | D:4      | Reached skill level 4 in Axes
  2545 | D:4      | Reached XP level 6. HP: 28/51 MP: 9/9
  2545 | D:4      | Reached XP level 7. HP: 31/56 MP: 10/10
  2600 | D:4      | Reached skill level 5 in Axes
  2626 | D:4      | Reached XP level 8. HP: 62/62 MP: 11/11
  2836 | D:4      | Noticed Sigmund
  2871 | D:4      | Killed Sigmund
  2872 | D:4      | Reached skill level 6 in Axes
  2872 | D:4      | Reached skill level 5 in Armour
  2999 | D:4      | Noticed Grinder
  3017 | D:4      | Killed Grinder
  3188 | D:4      | Found a runed translucent door.
  3189 | D:4      | Noticed Crazy Yiuf
  3195 | D:4      | Killed Crazy Yiuf
  3296 | D:5      | Entered Level 5 of the Dungeon
  3412 | D:5      | Reached skill level 7 in Axes
  3421 | D:5      | Reached XP level 9. HP: 46/68 MP: 12/12
  3470 | D:5      | Reached skill level 8 in Axes
  3587 | D:5      | Noticed a two-headed ogre
  3595 | D:5      | You fall into a shaft and drop 1 floor!
  3612 | D:6      | Reached skill level 9 in Axes
  3810 | D:6      | Reached skill level 10 in Axes
  3834 | D:5      | Noticed Eustachio
  3850 | D:5      | Killed Eustachio
  3909 | D:5      | Reached XP level 10. HP: 74/74 MP: 13/13
  3924 | D:5      | Identified the +3 battleaxe of the Imbibing Bear {vorpal,
                  | rPois Int+4}
  4035 | D:5      | Found a staircase to the Ecumenical Temple.
  4053 | Temple   | Entered the Ecumenical Temple
  4109 | Temple   | Became a worshipper of Gozag Ym Sagoz the Greedy
  4520 | D:5      | Reached skill level 11 in Axes
  4527 | D:5      | Killed a two-headed ogre
  4528 | D:5      | Reached skill level 12 in Axes
  5436 | D:7      | Reached skill level 13 in Axes
  5498 | D:7      | Found a burning altar of Makhleb.
  5681 | D:7      | Found a sparkling altar of Nemelex Xobeh.
  5735 | D:8      | Reached skill level 1 in Throwing
  5956 | D:8      | Found a sand-covered staircase.
  5970 | Ossuary  | Entered an ossuary
  6392 | D:8      | Reached XP level 11. HP: 49/79 MP: 14/14
  6498 | D:8      | Found a glowing silver altar of Zin.
  6870 | D:9      | Reached skill level 14 in Axes
  6936 | D:9      | Found a staircase to the Lair.
  7111 | D:9      | Found a stormy altar of Qazlal.
  7213 | D:9      | Found a shimmering altar of Xom.
  7360 | D:9      | Found a radiant altar of Vehumet.
  7525 | D:9      | Found a snail-covered altar of Cheibriados.
  7594 | D:9      | Noticed a two-headed ogre
  7607 | D:9      | Killed a two-headed ogre
  7608 | D:9      | Reached skill level 5 in Throwing
  7666 | D:10     | Entered Level 10 of the Dungeon
  8100 | D:10     | Reached skill level 15 in Axes
  8449 | D:10     | Noticed a brown ugly thing
  8458 | D:10     | Killed a brown ugly thing
  8459 | D:10     | Reached skill level 1 in Shields
  8547 | D:11     | Identified a scroll of acquirement
  8550 | D:11     | Noticed Erolcha
  8563 | D:11     | Killed Erolcha
  8564 | D:11     | Reached XP level 12. HP: 57/86 MP: 15/15
  8624 | D:11     | Noticed Amaemon
  8628 | D:11     | Noticed a two-headed ogre
  8645 | D:11     | Killed Amaemon
  8653 | D:11     | Killed a two-headed ogre
  8678 | D:11     | Acquired a +6 battleaxe of flaming
  8750 | D:11     | Noticed an eight-headed hydra
  8757 | D:11     | Killed a three-headed hydra
  8758 | D:11     | Reached skill level 5 in Shields
  8841 | D:11     | Found a transporter.
  8845 | D:11     | Noticed a two-headed ogre
  8845 | D:11     | Noticed bwicke's ghost (journeyman GrFi)
  8846 | D:11     | Noticed a deep troll
  8847 | D:11     | Found a bloodstained altar of Trog.
  8847 | D:11     | Noticed a two-headed ogre
  8936 | D:11     | Noticed Nergalle
  8952 | D:11     | Killed Nergalle
  9100 | D:11     | Found a transporter.
  9159 | D:11     | Found a staircase to the Orcish Mines.
  9238 | Lair:1   | Entered Level 1 of the Lair of Beasts
  9247 | Lair:1   | Reached skill level 16 in Axes
  9850 | Lair:1   | Noticed a fire dragon
  9860 | Lair:1   | Killed a fire dragon
  9861 | Lair:1   | Reached XP level 13. HP: 83/91 MP: 16/16
  9882 | Lair:1   | Identified the ring "Ruisemoa" {rElec rPois EV+4 Str+7
                  | Slay-3}
 10926 | Lair:2   | Noticed a six-headed hydra
 10929 | Lair:2   | Killed a four-headed hydra
 11280 | Lair:2   | Noticed a five-headed hydra
 11288 | Lair:2   | Killed a one-headed hydra
 11289 | Lair:2   | Reached skill level 17 in Axes
 11607 | Lair:2   | Noticed a five-headed hydra
 11614 | Lair:2   | Killed a one-headed hydra
 11615 | Lair:2   | Reached skill level 10 in Shields
 11787 | Lair:2   | Found a blossoming altar of Fedhas.
 12114 | Lair:3   | Found a staircase to the Snake Pit.
 13306 | Lair:4   | Noticed a five-headed hydra
 13316 | Lair:4   | Killed a one-headed hydra
 13688 | Lair:4   | Reached XP level 14. HP: 82/98 MP: 17/17
 13691 | Lair:4   | Found a staircase to the Swamp.
 13900 | Lair:5   | Reached skill level 18 in Axes
 14276 | Lair:5   | Found a staircase to the Slime Pits.
 14857 | Lair:6   | Entered Level 6 of the Lair of Beasts
 15357 | Lair:6   | Reached XP level 15. HP: 103/103 MP: 18/18
 15886 | Lair:6   | Reached skill level 19 in Axes
 16339 | Lair:6   | Found a corrupted altar of Lugonu.
 16339 | Lair:6   | Found a one-way gate to the infinite horrors of the Abyss.
 16345 | Lair:6   | Identified the ring "Mofeed" {Fly rF+ Stlth+}
 16593 | Lair:6   | Reached skill level 15 in Shields
 16809 | Orc:1    | Entered Level 1 of the Orcish Mines
 16809 | Orc:1    | Found Huirgh's Book Shoppe.
 17127 | D:12     | Found Zousufen's Antique Weapon Emporium.
 17215 | D:12     | Noticed Gastronok
 17226 | D:12     | Killed Gastronok
 18010 | D:13     | Found Viaf's Distillery.
 18050 | D:13     | Bought a potion of curing for 30 gold pieces
 18050 | D:13     | Bought a potion of heal wounds for 50 gold pieces
 18050 | D:13     | Bought a potion of cancellation for 80 gold pieces
 18050 | D:13     | Bought a potion of might for 40 gold pieces
 18255 | D:13     | Reached skill level 20 in Axes
 18502 | D:14     | Reached XP level 16. HP: 99/107 MP: 19/19
 18759 | D:14     | Found a glowing silver altar of Zin.
 18976 | D:14     | Found a gate to the Vaults.
 19461 | D:11     | HP: 2/115 [ettin/+0 dire flail (35)]
 19995 | Orc:2    | Entered Level 2 of the Orcish Mines
 20038 | Orc:2    | Found a staircase to the Elven Halls.
 20463 | Orc:2    | Noticed Rupert
 20470 | Orc:2    | Identified the +0 leather armour "Ben Nyts" {Rampage Str+4}
 20475 | Orc:2    | Killed Rupert
 20476 | Orc:2    | Reached skill level 10 in Armour
 20772 | Orc:2    | Noticed Josephine
 20783 | Orc:2    | Killed Josephine
 20797 | Orc:2    | Reached skill level 10 in Evocations
 21020 | Orc:2    | Found Oqougguv's General Store.
 21058 | Orc:2    | Found Mauc's Armour Boutique.
 21060 | Orc:2    | Found Sivoikow's Antique Armour Shoppe.
 21068 | Orc:2    | Found Lusunt's Distillery.
 21107 | Orc:2    | Bought 2 potions of curing for 84 gold pieces
 21211 | Orc:2    | Identified the +4 morningstar "Feufe" {chaos, rElec Dex+5}
 21325 | Orc:2    | Got the Tome of Battle Magic and the Birds
 21445 | Orc:2    | Bought a scroll of summoning for 123 gold pieces
 21445 | Orc:2    | Bought a potion of might for 52 gold pieces
 21445 | Orc:2    | Bought a scroll of fear for 45 gold pieces
 21547 | D:15     | Entered Level 15 of the Dungeon
 21605 | D:15     | Reached XP level 17. HP: 122/127 MP: 20/20
 21681 | D:15     | Reached skill level 10 in Fighting
 21851 | D:15     | Found an ancient bone altar of Kikubaaqudgha.
 22265 | D:15     | Found a staircase to the Depths.
 23163 | Swamp:1  | Entered Level 1 of the Swamp
 23578 | Swamp:1  | Got the Tome of the Scorching Entourage
 24049 | Swamp:2  | You are sucked into a shaft and drop 1 floor!
 24292 | Swamp:2  | Reached skill level 1 in Dodging
 24455 | Swamp:2  | Noticed Aizul
 24470 | Swamp:2  | Killed Aizul
 24534 | Swamp:2  | Noticed Jorgrun
 24546 | Swamp:2  | Killed Jorgrun
 24588 | Swamp:2  | Noticed Nikola
 24600 | Swamp:2  | Killed Nikola
 24839 | Swamp:2  | Reached XP level 18. HP: 135/141 MP: 21/21
 24919 | Swamp:2  | Found a runed translucent gate.
 24920 | Swamp:2  | Found a runed translucent gate.
 24920 | Swamp:2  | Noticed BimmyJewtron's ghost (journeyman DsFi)
 24921 | Swamp:2  | Found a runed translucent gate.
 24936 | Swamp:2  | Killed BimmyJewtron's ghost
 25211 | Swamp:3  | Found a runed translucent door.
 25212 | Swamp:3  | Noticed a tentacled monstrosity
 25212 | Swamp:3  | Noticed Xonepos's ghost (adept MiFi)
 25816 | Swamp:4  | Entered Level 4 of the Swamp
 26287 | Swamp:4  | Noticed Louise
 26311 | Swamp:4  | Killed Louise
 26698 | Swamp:4  | Reached skill level 5 in Dodging
 26727 | Swamp:4  | Noticed the 27-headed Lernaean hydra
 26745 | Swamp:4  | Killed the 25-headed Lernaean hydra
 26879 | Swamp:4  | Got a decaying rune of Zot
 27193 | Snake:1  | Entered Level 1 of the Snake Pit
 27228 | Snake:1  | Found Uguulehi's Jewellery Shop.
 27256 | Snake:1  | Found Lemaicuu's Assorted Antiques.
 27258 | Snake:1  | Found Uddaakhlo's Magic Scroll Boutique.
 27264 | Snake:1  | Found Geloa's Antique Weapon Shop.
 27284 | Snake:1  | Bought a scroll of magic mapping for 42 gold pieces
 27908 | Snake:1  | Reached skill level 15 in Fighting
 27911 | Snake:1  | Reached XP level 19. HP: 87/155 MP: 0/22
 29001 | Snake:3  | Found a shimmering altar of Xom.
 29750 | Snake:3  | Reached skill level 15 in Armour
 29914 | Snake:4  | Entered Level 4 of the Snake Pit
 30151 | Snake:4  | Found a snail-covered altar of Cheibriados.
 30749 | Snake:4  | Gained mutation: Your body sometimes deteriorates upon
                  | taking damage. [mutagenic glow]
 30774 | Snake:4  | Gained mutation: You are frail. (-10% HP) [mutagenic glow]
 31947 | Snake:4  | Reached XP level 20. HP: 110/145 MP: 23/23
 32011 | Snake:4  | Got a serpentine rune of Zot
 32383 | Vaults:1 | Entered Level 1 of the Vaults
 32728 | Vaults:1 | Found a huge runed gate.
 32728 | Vaults:1 | Found a huge runed gate.
 32728 | Vaults:1 | Found a huge runed gate.
 32728 | Vaults:1 | Found a huge runed gate.
 32728 | Vaults:1 | Found a huge runed gate.
 32728 | Vaults:1 | Found a huge runed gate.
 32730 | Vaults:1 | Found a huge runed gate.
 32730 | Vaults:1 | Found a huge runed gate.
 32731 | Vaults:1 | Found a huge runed gate.
 32734 | Vaults:1 | Found a huge runed gate.
 32734 | Vaults:1 | Found a huge runed gate.
 32734 | Vaults:1 | Found a huge runed gate.
 32734 | Vaults:1 | Found a huge runed gate.
 32734 | Vaults:1 | Found a huge runed gate.
 32734 | Vaults:1 | Found a huge runed gate.
 32735 | Vaults:1 | Found a huge runed gate.
 32736 | Vaults:1 | Found a huge runed gate.
 32737 | Vaults:1 | Found a huge runed gate.
 34125 | Vaults:1 | Found a huge runed gate.
 34125 | Vaults:1 | Found a huge runed gate.
 34125 | Vaults:1 | Found a huge runed gate.
 34125 | Vaults:1 | Found a huge runed gate.
 34125 | Vaults:1 | Found a huge runed gate.
 34125 | Vaults:1 | Found a huge runed gate.
 34126 | Vaults:1 | Found a huge runed gate.
 34127 | Vaults:1 | Found a huge runed gate.
 34128 | Vaults:1 | Found a huge runed gate.
 34136 | Vaults:1 | Found a huge runed gate.
 34136 | Vaults:1 | Found a huge runed gate.
 34136 | Vaults:1 | Found a huge runed gate.
 34136 | Vaults:1 | Found a huge runed gate.
 34136 | Vaults:1 | Found a huge runed gate.
 34136 | Vaults:1 | Found a huge runed gate.
 34137 | Vaults:1 | Found a huge runed gate.
 34175 | Vaults:1 | Found a huge runed gate.
 34176 | Vaults:1 | Found a huge runed gate.
 34481 | Vaults:1 | Noticed a hellephant
 34481 | Vaults:1 | Noticed a hellephant
 34501 | Vaults:1 | Killed a hellephant
 34506 | Vaults:1 | Killed a hellephant
 34763 | Vaults:2 | Reached XP level 21. HP: 144/154 MP: 24/24
 34987 | Vaults:2 | Noticed Zenata
 35005 | Vaults:2 | HP: 5/129 [Zenata/+2 bardiche (3)]
 35006 | Vaults:2 | Slain by a +2 vorpal war axe

Illustrated notes

Levels and vault maps discovered:
D:1:      eino_arrival_water_cross, layout_basic, ebering_ecumenical_altar_box
D:2:      layout_basic, chequers_serial_rivers_room_b
D:3:      layout_loops_ring, minmay_goblin_kobold_house
D:4:      cheibrodos_fertilizer, layout_rooms, hangedman_decor_riveting,
          uniq_crazy_yiuf_cottage, uniq_grinder, uniq_pikel, uniq_sigmund
D:5:      layout_basic, minmay_temple_entry_overgrown,
          hangedman_abyss_or_decor_lesser_grid, minmay_increasing_density,
          uniq_eustachio
D:6:      layout_cave_pools
D:7:      layout_basic, mainiacjoe_overflow_24_doors, bloody_makhleb
D:8:      layout_gridville, marbit_many_paths, enter_ossuary_3
D:9:      layout_roguey, cheibriados_altar_1, amcnicky_altar_gilded,
          vehumet_statue, kennysheep_mini_moat, due_lair_maze_entry_diamond,
          nicolae_two_hexagons
D:10:     layout_loops_ring, minivault_27
D:11:     layout_rooms, orc_0_dummy, gammafunk_ghost_wrathful_warriors,
          minivault_25, minmay_misc_feat_more_columns, uniq_amaemon,
          uniq_erolcha, uniq_nergalle
D:12:     layout_loops_ring, serial_shops, nicolae_shop_hallway_stairs,
          uniq_gastronok
D:13:     layout_loops_ring, serial_shops, shop
D:14:     layout_rooms, david_vaults_4, kennysheep_doodads, zin_angel
D:15:     hangedman_depths_entry_civil_slaughter, layout_layer_cave,
          serial_undead, serial_undead_b, serial_undead_b, serial_undead_c,
          serial_undead_b, serial_undead_a, serial_undead_c, serial_undead_f,
          serial_undead_a, kennysheep_vampire_church
Temple:   eino_wide_crystal_templ
Lair:1:   dragon1_lemuel, layout_layer_cave, special_room [special_room_bee],
          grunt_megastairs_2
Lair:2:   layout_layer_cave, hangedman_tree_tricks, serial_bayou_shore_b,
          grunt_megastairs_1
Lair:3:   layout_regular_city, guppyfry_snake_entry_island,
          infiniplex_staircase_pool
Lair:4:   layout_regular_city, nicolae_swamp_entry_splash_gauntlet
Lair:5:   layout_cave_shapes, slime_dummy, serial_bayou_shore_a
Lair:6:   hellmonk_lair_end_abyssal_woods, layout_cave_pods, wad_woods_road_04
Swamp:1:  layout_falls_marsh, evilmike_swamp_ruin_house_3
Swamp:2:  layout_basic_swamp, ebering_ghost_rock_garden,
          evilmike_swamp_ruin_rubble_1, swamp_pool2, uniq_jorgrun, uniq_aizul,
          uniq_nikola
Swamp:3:  layout_basic_swamp, ebering_ghost_inner_flame, hangedman_swamp_blocks,
          swamp_pool5
Swamp:4:  swamp_basic_johnstein, layout_basic_swamp, uniq_louise
Snake:1:  layout_onion, serial_shops, shop, grunt_megastairs_5,
          minmay_shop_star, serial_bayou_shore_b
Snake:2:  layout_onion
Snake:3:  layout_rooms, basic_altar, grunt_megastairs_3
Snake:4:  johnstein_snake_rune_scales, layout_chambers, basic_altar,
          guppyfry_library_mini
Orc:1:    layout_caves, serial_shops, nicolae_diamond_shop, lightli_orcish_oven
Orc:2:    st_orc_open, layout_diamond_mine, minmay_orc_treasury, uniq_josephine,
          uniq_rupert
Vaults:1: vaults_room_boxed, nicolae_vaults_stairing_the_circle,
          not_door_vault_due, hangedman_vaults_hat, nicolae_vaults_what_the_h,
          nicolae_vaults_specimen_jars, dpeg_vaults_monster_row,
          vaults_dpeg_spiral, nicolae_vaults_network_quinsquares
          [nicolae_vaults_network_quincunx_subvault,
          nicolae_vaults_network_quincunx_subvault,
          nicolae_vaults_network_quincunx_subvault,
          nicolae_vaults_network_quincunx_subvault], layout_vaults_chaotic_city
Vaults:2: gammafunk_ghost_grave, minmay_crypt_entry_simple_round,
          nicolae_vaults_network_quincunx
          [nicolae_vaults_network_quincunx_subvault,
          nicolae_vaults_network_quincunx_subvault,
          nicolae_vaults_network_quincunx_subvault,
          nicolae_vaults_network_quincunx_subvault,
          nicolae_vaults_network_quincunx_subvault], special_room_vaults
          [special_room_orc], vaults_room_fours, nicolae_vaults_puzzle_piece,
          nicolae_vaults_gold_heap, vaults_mumra_minichess,
          nicolae_vaults_ring_of_whatevers, vaults_dpeg_ring,
          ontoclasm_vaults_shuriken, ontoclasm_vaults_loading_screen,
          layout_vaults_omnicross, uniq_donald, uniq_zenata

Skill      XL: |  1  2  3  4  5  6  7  8  9 10 11 12 13 14 15 16 17 18 19 20 |
---------------+-------------------------------------------------------------+-----
Fighting       | 1 2 3 5 7 9 12 15 16 | 16.6
Axes           | 1 4 5 7 10 13 15 16 17 18 20 | 20.0
Armour         | 3 4 6 8 11 13 14 15 17 | 17.1
Throwing       | 2 5 6 |  6.0
Shields        | 2 8 11 14 15 16 | 16.6
Evocations     | 7 8 10 12 13 14 | 14.6
Dodging        | 2 5 8 |  8.0
Stealth        | |  2.4
Spellcasting   | |  2.1

Action                   |  1- 3 |  4- 6 |  7- 9 | 10-12 | 13-15 | 16-18 | 19-21 || total
-------------------------+-------+-------+-------+-------+-------+-------+-------++-------
Melee: Club              |   152 |   102 |       |       |       |       |       ||   254
       Punch             |     2 |     4 |     5 |     6 |       |       |       ||    17
       Dagger            |       |    74 |       |       |       |       |       ||    74
       Hand axe          |       |    23 |   252 |   522 |       |       |       ||   797
       Battleaxe         |       |       |       |   118 |   840 |  1077 |   818 ||  2853
Invok: Potion Petition   |       |       |       |       |       |     5 |     8 ||    13
 Abil: Dig               |       |     5 |     2 |     5 |     2 |     1 |     2 ||    17
       Shaft Self        |       |       |     1 |       |       |       |       ||     1
Evoke: Wand              |       |       |       |    20 |     2 |    13 |       ||    35
       Lightning rod     |       |       |       |       |     4 |     3 |     3 ||    10
       Condenser vane    |       |       |       |       |       |     3 |     4 ||     7
       Tin of tremorston |       |       |       |       |       |     3 |     3 ||     6
  Use: Scroll            |       |     7 |     6 |    13 |     4 |     6 |     1 ||    37
       Potion            |       |     2 |       |     5 |     2 |     7 |     4 ||    20
 Stab: Sleeping          |     4 |     4 |       |     3 |     4 |       |       ||    15
       Distracted        |       |     1 |       |     3 |     5 |    13 |     8 ||    30
       Paralysed         |       |       |       |     5 |       |       |       ||     5
       Fleeing           |       |       |       |       |     1 |       |       ||     1
       Invisible         |       |       |       |       |       |     1 |       ||     1
Armor: Leather armour    |    45 |       |       |       |       |       |       ||    45
       Ring mail         |    40 |    94 |   115 |   284 |   235 |    15 |       ||   783
       Skin              |       |     2 |     5 |       |       |       |       ||     7
       Chain mail        |       |       |       |       |       |   204 |   213 ||   417
       Plate armour      |       |       |       |       |       |   184 |       ||   184
Dodge: Dodged            |   121 |   114 |   111 |   225 |   316 |   427 |   343 ||  1657
Block: Kite shield       |       |       |       |   108 |   452 |   616 |   351 ||  1527
       Tower shield      |       |       |       |       |       |       |   173 ||   173

Table legend: (Time is in decaauts)
 A = Elapsed time spent in this place.
 B = Non-inter-level travel time spent in this place.
 C = Inter-level travel time spent in this place.
 D = Time resting spent in this place.
 E = Time spent auto-exploring this place.
 F = Levels seen in this place.
 G = Mean time per level.
                   A        B        C        D        E       F      G
               +--------+--------+--------+--------+--------+-----+--------+
         Total |  34400 |  32097 |   2303 |   1243 |  21607 |  35 |  982.9 |
       Dungeon |  13585 |  12239 |   1346 |    600 |   7886 |  15 |  905.7 |
        Temple |     68 |     57 |     11 |      0 |     32 |   1 |   68.0 |
          Lair |   7589 |   7127 |    462 |     77 |   5412 |   6 | 1264.8 |
         Swamp |   3826 |   3656 |    170 |    397 |   2063 |   4 |  956.5 |
     Snake Pit |   4893 |   4707 |    186 |    109 |   3515 |   4 | 1223.2 |
  Orcish Mines |   1664 |   1547 |    117 |     59 |    798 |   2 |  832.0 |
        Vaults |   2413 |   2404 |      9 |      0 |   1703 |   2 | 1206.5 |
       Ossuary |    360 |    360 |      0 |      0 |    198 |   1 |  360.0 |
               +--------+--------+--------+--------+--------+-----+--------+

Top non-repeatable levels by time:
 Snake:4: 2167 daAuts
Vaults:1: 2067 daAuts
  Lair:6: 1760 daAuts
  Lair:1: 1414 daAuts
  Lair:2: 1360 daAuts
   Orc:2: 1353 daAuts
    D:15: 1338 daAuts
     D:5: 1253 daAuts
    D:11: 1196 daAuts
 Swamp:3: 1153 daAuts
  Lair:5: 1140 daAuts
     D:9: 1095 daAuts
  Lair:4: 1091 daAuts
 Swamp:2: 1054 daAuts
 Snake:1: 1022 daAuts
